 Dungeon Crawl Stone Soup version 0.30.0-29-ga12c61a403 (webtiles) character file.

Game seed: 16354450864910349711

716 seaoflcl the Chopper (level 7, -4/91 HPs)
             Began as a Minotaur Fighter on June 13, 2023.
             Slain by a killer bee (5 damage)
             ... on level 5 of the Dungeon.
             The game lasted 00:04:39 (3648 turns).

seaoflcl the Chopper (Minotaur Fighter)             Turns: 3648, Time: 00:04:40

Health: -4/91      AC: 23    Str: 21 (23) XL:     7   Next: 41%
Magic:  6/6        EV:  2    Int:  2 (5)  God:
Gold:   240        SH:  4    Dex:  6 (7)  Spells: 6/6 levels left

rFire   + . .        a - +0 war axe
rCold   + . .        c - +0 buckler
rNeg    . . .        b - melded +0 scale mail
rPois   +            (helmet currently unavailable)
rElec   +            (cloak currently unavailable)
rCorr   +            (gloves currently unavailable)
SInv    .            r - melded +0 pair of boots
Will    .....        (no amulet)
Stlth   +            (no ring)
HPRegen 0.35/turn    (no ring)
MPRegen 0.10/turn

%: no passive effects
@: lethally poisoned (-4 -> -5), tree-form, resistant, attractive, invisible
A: stationary, stasis, torment immunity, boosted hp, (horns 2), (retaliatory
headbutt), clumsy 1, wild magic 1, inability to drink after injury 1
a: no special abilities


You were on level 5 of the Dungeon.
You were a tree.
You visited 1 branch of the dungeon, and saw 5 of its levels.
You also visited: Sewer.

You collected 240 gold pieces.

Inventory:

Hand Weapons
 a - a +0 war axe (weapon)
Missiles
 k - 6 poisoned darts (quivered)
 n - a throwing net
Armour
 b - a +0 scale mail (melded)
 c - a +0 buckler (worn)
 r - a +0 pair of boots (melded)
Scrolls
 f - a scroll of enchant armour {unknown}
 h - 2 scrolls of noise {unknown}
 j - 4 scrolls of identify {unknown}
 m - a scroll of silence {unknown}
 o - a scroll of fog {unknown}
 p - a scroll of enchant weapon {unknown}
 q - a scroll of immolation {unknown}
 s - a scroll of vulnerability {unknown}
 v - 2 scrolls of poison {unknown}
 w - 2 scrolls of teleportation {unknown}
Potions
 d - 2 potions of might
 g - 2 potions of mutation
 t - a potion of invisibility


   Skills:
 + Level 5.4 Fighting
 * Level 6.1 Axes
 + Level 2.5 Throwing
 * Level 5.6 Armour
 + Level 5.4 Shields


You had 6 spell levels left.
You didn't know any spells.
Your spell library contained the following spells:

 Spells                   Type           Power      Damage    Failure   Level
 Malign Gateway           Summ/Tloc      0%         N/A       100%        7
 Summon Horrible Things   Summ           0%         N/A       100%        8


Dungeon Overview and Level Annotations

Branches:
Dungeon (5/15)              Sewer (visited)
 Temple: D:4-7

Altars:
Cheibriados
Kikubaaqudgha
Nemelex Xobeh


Innate Abilities, Weirdness & Mutations

You are a tree.
Your roots penetrate the ground, keeping you stationary.
You cannot be teleported.
You are immune to unholy pain and torment.
Your maximum health is greatly increased.
Your equipment is partially melded.
((You have a pair of horns on your head.))
((You reflexively headbutt those who attack you in melee.))
You are clumsy. (Dex -2)
Your spells are a little harder to cast, but a little more powerful.
You occasionally lose the ability to drink potions when taking damage.


Message History

You furiously retaliate!
You headbutt the killer bee!
You kill the killer bee!
It was a potion of lignification.
You turn into a tree.
Your +0 pair of boots melds into your body.
Your +0 scale mail melds into your body.
Your roots penetrate the ground.
* * * LOW HITPOINT WARNING * * *
You feel sick.
The killer bee stings you but does no damage. x2
It was a potion of resistance.
You feel protected.
* * * LOW HITPOINT WARNING * * *
You feel sick.
The killer bee stings you but does no damage.
You block the killer bee's attack.
It was a potion of degeneration.
There was something very wrong with that liquid.
You feel weakened.
You feel dopey.
You feel clumsy.
You feel sick.
The killer bee stings you but does no damage. x2
Okay, then.
Okay, then.
Sorry, you're not good enough to have a special ability.
Unknown command.
As you read the scroll labelled EKUHIU ONIKHU, it crumbles to dust.
It is a scroll of amnesia.
You feel forgetful for a moment.
You feel sick.
The killer bee stings you but does no damage.
The killer bee stings you.
* * * LOW HITPOINT WARNING * * *
You closely miss the killer bee.
* * * LOW HITPOINT WARNING * * *
You feel sick. You block the killer bee's attack.
The killer bee stings you but does no damage.
You miss the killer bee.
* * * LOW HITPOINT WARNING * * *
You feel sick.
The killer bee stings you but does no damage.
The killer bee stings you.
You die...

###.##.......#
....##...###.# ##########
#.##### ####.#...#
####......#.#
####...........# .
#.....#..###..########...
#.....#..###..##.........
#.............♣yy.....[..
#.....##......##.........
#.....###...##########...
####.......## ..
######.## ####### #.#
#.....# #.# #.###.# #.#
#.###.####.#


You could see 2 killer bees.

Vanquished Creatures
  Pargi (Sewer)
  A bullfrog (D:5)
  2 scorpions (D:4)
  3 killer bees (D:5)
  An orc priest (D:4)
  A hound (D:4)
  A sleepcap (D:4)
  4 iguanas
  5 adders
  3 dart slugs
  4 orcs
  8 ball pythons
  8 endoplasms
  6 giant cockroaches
  7 goblins
  4 hobgoblins
  6 quokkas
  8 bats
  3 frilled lizards
  2 kobolds
  3 rats (D:2)
81 creatures vanquished.

Notes
Turn   | Place    | Note
-------+----------+-------------------------------------------
     0 | D:1      | seaoflcl the Minotaur Fighter began the quest for the Orb.
     0 | D:1      | Reached XP level 1. HP: 19/19 MP: 0/0
   160 | D:1      | Reached XP level 2. HP: 27/27 MP: 1/1
   346 | D:1      | Reached skill level 3 in Axes
  1110 | D:2      | Reached XP level 3. HP: 33/33 MP: 2/2
  1552 | D:2      | Found a faded altar of an unknown god.
  2063 | D:3      | Reached XP level 4. HP: 28/40 MP: 3/3
  2129 | D:3      | Found an ancient bone altar of Kikubaaqudgha.
  2129 | D:3      | Found a snail-covered altar of Cheibriados.
  2129 | D:3      | Found a sparkling altar of Nemelex Xobeh.
  2457 | D:4      | Reached skill level 4 in Axes
  2458 | D:4      | Found a glowing drain.
  2472 | Sewer    | Entered a sewer
  2484 | Sewer    | Noticed Pargi
  2489 | Sewer    | Killed Pargi
  2490 | Sewer    | Reached skill level 1 in Throwing
  2490 | Sewer    | Reached XP level 5. HP: 32/47 MP: 4/4
  2838 | D:4      | Reached skill level 5 in Axes
  2838 | D:4      | Reached XP level 6. HP: 46/53 MP: 5/5
  3056 | D:4      | Reached skill level 5 in Fighting
  3056 | D:4      | Reached skill level 5 in Shields
  3256 | D:4      | Reached skill level 5 in Armour
  3386 | D:5      | Entered Level 5 of the Dungeon
  3454 | D:5      | Reached XP level 7. HP: 37/61 MP: 6/6
  3633 | D:5      | Reached skill level 6 in Axes
  3639 | D:5      | Gained mutation: You occasionally lose the ability to drink
                  | potions when taking damage. [potion of mutation]
  3639 | D:5      | Gained mutation: You are clumsy. (Dex -2) [potion of
                  | mutation]
  3639 | D:5      | Gained mutation: Your spells are a little harder to cast,
                  | but a little more powerful. [potion of mutation]
  3645 | D:5      | HP: 4/91 [poisoned by a killer bee]
  3648 | D:5      | HP: 1/91 [poisoned by a killer bee]
  3648 | D:5      | Slain by a killer bee

Illustrated notes

Levels and vault maps discovered:
D:1:      ncdulo_watergridlock, layout_basic, minivault_26,
          serial_bayou_lagoon_b
D:2:      layout_loops_corners, ebering_ecumenical_altar_mist,
          minmay_misc_feat_roman, minmay_misc_feat_tiny
D:3:      layout_basic, gammafunk_temple_overflow_claw, serial_bayou,
          serial_bayou_pond_e, serial_bayou_lake_a, serial_bayou_pond_c,
          serial_bayou_crossing, hex_tiny
D:4:      layout_cave_pools, cheibrodos_sewer_entry_drain
D:5:      layout_loops_cross, hellmonk_no_cap

Skill      XL: |  1  2  3  4  5  6  7 |
---------------+----------------------+-----
Axes           | 3 4 5 6 |  6.1
Fighting       | 4 5 |  5.4
Armour         | 4 5 |  5.6
Shields        | 4 5 |  5.4
Throwing       | 1 2 |  2.5

Action                     |  1- 3 |  4- 6 |  7- 9 || total
---------------------------+-------+-------+-------++-------
  Melee: War axe           |   108 |   102 |    18 ||   228
         Headbutt          |    10 |    18 |     5 ||    33
    Use: Potion            |       |       |     7 ||     7
         Scroll            |       |       |     1 ||     1
 Armour: Scale mail        |    48 |    61 |    11 ||   120
         Skin              |       |       |     8 ||     8
  Dodge: Dodged            |    46 |    49 |    24 ||   119
  Block: Buckler           |    23 |    28 |    12 ||    63
